 Dungeon Crawl Stone Soup version 0.19.0-11-g3fc08b3 (webtiles) character file.

23 Jerry the Sneak (level 2, -3/16 HPs)
             Began as a Vine Stalker Assassin on Nov 8, 2016.
             Slain by Terence
             ... wielding a +0 flail
              (4 damage)
             ... on level 2 of the Dungeon.
             The game lasted 00:03:50 (1453 turns).

Jerry the Sneak (Vine Stalker Assassin)             Turns: 1453, Time: 00:03:51

Health: -3/16      AC:  3    Str: 13    XL:     2   Next: 95%
Magic:  0/3        EV: 12    Int: 11    God:
Gold:   40         SH:  0    Dex: 15    Spells: 0 memorised, 1 level left

rFire  . . .     SeeInvis .     m - -2 dagger (curse)
rCold  . . .     Gourm    .     c - +0 robe
rNeg   . . .     Faith    .     (no shield)
rPois  .         Spirit   +     (no helmet)
rElec  .         Reflect  .     d - +0 cloak
rCorr  .         Harm     .     (no gloves)
MR     .....                    (no boots)
Stlth  +++.......               (no amulet)
                                (no ring)
                                (no ring)

@: no status effects
A: fangs 2, robust 1, magic shield, antimagic bite, no device heal 3, rot
immunity
a: no special abilities


You were on level 2 of the Dungeon.
You were hungry.

You visited 1 branch of the dungeon, and saw 2 of its levels.

You collected 40 gold pieces.

Inventory:

Hand Weapons
 a - a +3 dagger
 b - a +0 blowgun
 m - a cursed -2 dagger (weapon)
Missiles
 e - 8 poisoned needles
 f - 2 curare-tipped needles
Armour
 c - a +0 robe (worn)
 d - a +0 cloak (worn)
Potions
 h - a potion of heal wounds
Comestibles
 g - a bread ration
 i - a meat ration
 k - 2 fruits


   Skills:
 + Level 2.2 Fighting
 + Level 2.1 Short Blades
 - Level 2.0 Throwing
 - Level 1.0 Dodging
 + Level 5.0 Stealth


You had one spell level left.
You didn't know any spells.

Dungeon Overview and Level Annotations

Branches:
Dungeon (2/15)

Altars:
Cheibriados

Annotations:
D:2 Terence


Innate Abilities, Weirdness & Mutations

You have extremely sharp teeth.
When hurt, damage is shared between your health and your magic reserves.
Your bite disrupts and absorbs the magic of your enemies.
Potions and wands cannot restore your health.
You are immune to rotting.
You are robust. (+10% HP)


Message History

You feel invigorated.
The bat is moderately wounded.
The bat closely misses you. The bat hits you but does no damage.
You closely miss the bat. Your bite misses the bat.
The bat is moderately wounded.
The bat closely misses you. x2
You barely miss the bat.
The bat is moderately wounded.
The bat closely misses you.
You hit the bat. You bite the bat. You drain its power.
You feel invigorated.
You kill the bat!
A hobgoblin comes into view.
The hobgoblin shouts!
The hobgoblin closely misses you.
You barely miss the hobgoblin. Your bite misses the hobgoblin.
Terence barely misses you. The hobgoblin barely misses you.
You hit the hobgoblin.
The hobgoblin is severely wounded.
Terence hits you with a flail!
You die...

#..#######..#
#...........######.##
#>...................
##.#####.(.........##
#.# ###..######## #.#
#..# #.# #...
#.########.#
#..@@g.....#
############


You could see Terence and a hobgoblin.

Vanquished Creatures
  A leopard gecko (D:1)
  A goblin (D:1)
  3 hobgoblins (D:1)
  2 jackals (D:1)
  5 kobolds (D:1)
  A quokka (D:2)
  3 bats
  A frilled lizard (D:1)
  4 rats (D:1)
21 creatures vanquished.

Notes
Turn   | Place    | Note
-------+----------+-------------------------------------------
     0 | D:1      | Jerry the Vine Stalker Assassin began the quest for the Orb.
     0 | D:1      | Reached XP level 1. HP: 11/11 MP: 2/2
   145 | D:1      | Reached skill level 1 in Dodging
   145 | D:1      | Reached XP level 2. HP: 1/15 MP: 1/3
  1286 | D:2      | Reached skill level 5 in Stealth
  1385 | D:2      | Found a snail-covered altar of Cheibriados.
  1409 | D:2      | Noticed Terence
  1424 | D:2      | Gained mutation: You are robust. (+10% HP) [potion of mutation]
  1424 | D:2      | Gained mutation: You have sharp fingernails. [potion of mutation]
  1424 | D:2      | Lost mutation: You have sharp fingernails. [potion of mutation]
  1453 | D:2      | Slain by Terence

Skill      XL: |  1  2 |
---------------+-------+-----
Throwing       | 2 |  2.0
Fighting       | 2 |  2.2
Dodging        | 1 |  1.0
Short Blades   | 2 |  2.1
Stealth        | 5 |  5.0

Action                   || total
-------------------------++-------
Melee: Dagger            ||    94
       Bite              ||    20
  Use: Scroll            ||     3
       Potion            ||     1
 Stab: Sleeping          ||     3
  Eat: Chunk             ||     1
Armor: Robe              ||    27
Dodge: Dodged            ||    84
